Map: Frozen Temple

Players

weeaboo - Winner!

  • Race: Zerg Zerg
  • League: Master

Miszu

  • Race: Terran Terran
  • League: Master

VOD

Have the link to the VOD?

Description

Time

  • Played on: June 29, 2016, 3:17 p.m.
  • Length: 12:16
Show
View Real Time Build Order
Export as new Build Order

weeaboo Zerg - Winner!

Build Orders: Hatch First 

Get SALT Encoding   

  12  0:00  Drone  
  13  0:13  Overlord  
  13  0:18  Drone  
  14  0:32  Drone x2  
  16  0:38  Drone  
  17  0:53  Hatchery  
  17  0:55  Drone  
  17  0:59  Drone  
  18  1:10  Extractor  
  17  1:13  Spawning Pool  
  17  1:16  Drone  
  17  1:20  Drone  
  18  1:29  Drone  
  19  1:43  Overlord  
  19  1:56  Drone  
  20  2:01  Zergling x2, Queen  
  20  2:05  Zergling x2, Queen  
  26  2:11  Metabolic Boost  
  26  2:12  Drone  
  27  2:18  Drone  
  28  2:27  Drone x2  
  30  2:33  Drone  
  31  2:37  Queen  
  31  2:40  Queen  
  35  2:45  Overlord  
  35  2:51  Drone  
  36  2:54  Overlord  
  36  3:04  Drone x2  
  38  3:13  Hatchery  
  38  3:14  Drone x3  
  38  3:17  Zergling x2  
  38  3:19  Drone  
  42  3:20  Drone  
  42  3:23  Drone  
  44  3:28  Drone x2  
  44  3:32  Drone  
  47  3:38  Overlord  
  47  3:39  Drone  
  48  3:47  Roach Warren, Extractor  
  46  3:50  Drone  
  46  3:51  Drone x2  
  46  3:52  Drone x3  
  46  3:55  Extractor  
  51  3:57  Overlord  
  51  4:03  Drone x2  
  53  4:19  Drone x6  
  59  4:27  Roach  
  59  4:28  Roach x4  
  69  4:32  Overlord  
  69  4:34  Spore Crawler  
  69  4:36  Drone  
  69  4:37  Spore Crawler  
  68  4:41  Drone  
  68  4:43  Overlord  
  69  4:48  Drone  
  69  4:52  Evolution Chamber x2  
  68  4:54  Drone x3  
  68  4:56  Roach  
  68  4:57  Roach  
  68  4:59  Drone x2  
  77  5:02  Spore Crawler  
  75  5:11  Drone x6  
  81  5:18  Overlord  
  81  5:19  Roach  
  81  5:20  Zerg Melee Weapons Level 1  
  82  5:21  Zerg Ground Armor Level 1  
  82  5:26  Overlord  
  82  5:28  Overlord, Extractor  
  82  5:30  Extractor  
  82  5:32  Drone x3  
  82  5:33  Drone  
  82  5:35  Drone x2  
  85  5:39  Queen  
  88  5:43  Ravager x2  
  88  5:44  Ravager  
  88  5:47  Drone x2  
  88  5:48  Spore Crawler, Drone  
  93  5:56  Overlord  
  93  6:02  Overlord x2  
  93  6:06  Overlord  
  93  6:10  Roach x2  
  93  6:11  Lair  
  97  6:13  Drone x3  
  97  6:18  Roach x6  
  112  6:21  Overlord  
  112  6:26  Roach x2  
  112  6:31  Roach x2  
  120  6:40  Roach  
  120  6:41  Queen, Roach x5  
  134  6:54  Zergling x10  
  136  6:58  Zergling x2  
  136  6:59  Zergling x8  
  136  7:00  Hatchery  
  143  7:06  Zergling x2  
  144  7:12  Zergling x4  
  145  7:16  Ravager x8  
  145  7:17  Overlord  
  145  7:18  Glial Reconstitution  
  145  7:20  Overlord x2  
  145  7:21  Overlord  
  152  7:36  Zergling x2  
  152  7:37  Zergling x16  
  138  7:46  Zergling x2  
  138  7:47  Zergling x8  
  138  7:48  Zerg Melee Weapons Level 2  
  138  7:49  Zerg Ground Armor Level 2  
  131  7:56  Infestation Pit  
  130  8:00  Zergling x20  
  138  8:11  Overlord  
  138  8:15  Overlord  
  138  8:16  Overseer  
  138  8:19  Zergling x12  
  144  8:20  Zergling x2  
  144  8:21  Overseer  
  145  8:28  Overlord  
  145  8:30  Drone x2  
  145  8:33  Drone  
  145  8:34  Hive  
  148  8:36  Pneumatized Carapace  
  148  8:39  Infestor x2  
  152  8:41  Extractor  
  152  8:42  Extractor  
  152  8:43  Infestor  
  152  8:45  Zergling x8  
  152  8:46  Zergling x2  
  152  8:47  Zergling x10  
  162  8:51  Zergling x2  
  163  8:57  Overlord  
  163  9:01  Drone x3  
  166  9:03  Extractor  
  165  9:10  Drone x9  
  165  9:11  Zergling x2  
  165  9:12  Zergling x4  
  177  9:17  Zergling x2  
  177  9:22  Infestor  
  180  9:45  Infestor  
  180  9:51  Zergling x2, Adrenal Glands  
  180  9:52  Zergling x6, Ultralisk Cavern  
  185  10:02  Zergling x20  
  169  10:15  Zergling x4  
  169  10:16  Zergling x4  
  169  10:19  Zergling x20  
  158  10:23  Zergling x2  
  143  10:30  Zergling x6  
  143  10:33  Zergling x2  
  145  10:39  Chitinous Plating  
  145  10:41  Ultralisk x5  
  175  10:53  Ultralisk  
  179  10:58  Overlord x2  
  179  11:01  Overlord x2  
  179  11:04  Spire  
  178  11:15  Ultralisk  
  183  11:32  Ultralisk x2  
  193  11:37  Zergling x4  
  193  11:39  Zergling x8  
Show
View Real Time Build Order
Export as new Build Order

Miszu Terran 

Build Orders: Reaper Expand, Bio Tank 

Get SALT Encoding   

  12  0:00  SCV  
  13  0:14  SCV  
  13  0:18  Supply Depot  
  14  0:26  SCV  
  15  0:39  SCV  
  15  0:40  Barracks  
  16  0:44  Refinery  
  16  0:51  SCV  
  17  1:03  SCV  
  18  1:15  SCV  
  19  1:27  Reaper  
  19  1:28  Orbital Command  
  20  1:40  Command Center  
  20  1:49  Supply Depot  
  20  1:53  SCV  
  21  1:59  Refinery  
  21  2:01  Barracks Reactor  
  21  2:06  SCV  
  22  2:18  SCV  
  23  2:25  Factory  
  23  2:30  SCV  
  24  2:38  Marine x2  
  24  2:42  SCV  
  27  2:54  SCV  
  27  2:55  Orbital Command  
  27  2:56  Marine x2  
  30  2:59  Supply Depot  
  30  3:06  SCV  
  31  3:14  Marine  
  31  3:17  Starport, Factory Reactor  
  31  3:18  SCV  
  33  3:22  SCV  
  33  3:30  Marine, SCV  
  33  3:32  Marine  
  36  3:35  SCV  
  36  3:41  Supply Depot  
  37  3:42  SCV  
  37  3:47  SCV  
  39  3:48  Marine  
  39  3:54  SCV  
  41  3:59  SCV  
  41  4:02  Widow Mine  
  44  4:03  Medivac x2  
  44  4:09  Command Center  
  48  4:12  Supply Depot  
  48  4:14  SCV x2  
  50  4:18  Marine  
  50  4:19  Marine  
  50  4:23  Refinery x2, Liberator x2  
  52  4:26  SCV x2  
  52  4:31  Factory Tech Lab  
  54  4:37  Marine x2  
  54  4:38  SCV  
  57  4:43  SCV  
  64  4:50  SCV  
  64  4:51  Supply Depot  
  65  4:55  Siege Tank  
  65  4:57  SCV  
  69  5:02  SCV  
  70  5:09  SCV  
  70  5:12  Marine x2  
  70  5:14  SCV  
  71  5:29  Marine, Orbital Command  
  71  5:30  Marine, Siege Tank  
  71  5:32  SCV  
  71  5:33  SCV  
  78  5:38  Engineering Bay x2  
  78  5:39  Barracks  
  78  5:40  Barracks  
  78  5:44  SCV  
  78  5:57  SCV x2  
  79  6:04  Marine x2, Orbital Command  
  79  6:06  Terran Infantry Weapons Level 1, Terran Infantry Armor Level 1  
  79  6:09  SCV x2  
  80  6:19  Supply Depot  
  80  6:21  SCV x2  
  80  6:22  Supply Depot, Marine x2  
  80  6:24  Siege Tank  
  87  6:28  Barracks Tech Lab x2, Barracks  
  87  6:29  Barracks  
  87  6:30  Barracks  
  87  6:32  SCV  
  88  6:33  SCV  
  88  6:39  SCV  
  90  6:44  Marine, SCV  
  90  6:45  Marine  
  93  6:47  Stimpack, Combat Shields  
  93  6:50  Marauder  
  93  6:51  Armory  
  93  6:54  SCV x2  
  97  6:56  SCV  
  97  6:59  Marauder  
  100  7:02  Marine  
  100  7:07  Siege Tank  
  104  7:11  Marauder  
  104  7:13  Marine  
  104  7:14  SCV x2  
  104  7:15  Barracks Reactor  
  109  7:16  Barracks Reactor, Barracks Tech Lab  
  109  7:21  Supply Depot x2  
  109  7:27  Supply Depot x2  
  109  7:28  Supply Depot  
  109  7:29  Marine  
  109  7:30  SCV  
  109  7:33  Marauder x2  
  103  7:40  Marauder  
  90  7:45  Marine  
  90  7:47  Marine  
  90  7:49  Siege Tank  
  95  7:53  Marine x4  
  95  7:54  Marauder x2  
  101  7:59  Supply Depot  
  101  8:00  Marine  
  101  8:03  Marine, Medivac x2  
  101  8:05  Marine  
  107  8:11  Marine x4  
  107  8:12  Terran Infantry Armor Level 2, Terran Infantry Weapons Level 2  
  112  8:15  Marine  
  112  8:16  Marauder  
  112  8:17  Supply Depot  
  112  8:18  Supply Depot, Marine  
  116  8:21  Marine  
  116  8:23  Marine, SCV  
  116  8:26  Siege Tank  
  122  8:29  Marine  
  122  8:30  SCV x2  
  125  8:34  Refinery  
  125  8:37  Bunker  
  125  8:38  Marine x3, SCV  
  125  8:39  Marauder x2  
  133  8:42  SCV  
  133  8:43  Marauder, SCV  
  133  8:44  Terran Vehicle Weapons Level 1  
  137  8:57  Medivac x2  
  137  9:02  Supply Depot  
  141  9:11  Supply Depot  
  141  9:12  Supply Depot  
  141  9:13  Marine, Siege Tank  
  141  9:14  Marine, Marauder x2  
  149  9:21  Supply Depot  
  149  9:23  Marine x5  
  154  9:27  Medivac  
  156  9:31  Marine  
  156  9:33  Marine  
  156  9:34  Marine  
  156  9:35  Marauder  
  156  9:38  Command Center  
  160  9:41  Marine x5  
  160  9:44  Refinery  
  165  9:48  Siege Tank  
  165  9:49  Marine  
  165  9:50  Marine  
  165  9:51  Medivac  
  165  9:52  Marine  
  172  9:56  Marine  
  172  9:58  Marine x2  
  176  10:11  Marauder  
  144  10:27  Marauder  
  144  10:28  Liberator x2  
  124  10:31  Marine x2, Marauder  
  124  10:32  Marine x5  
  122  10:43  Siege Tank  
  122  10:48  Marine  
  122  10:49  Marine x6  
  129  10:50  Marauder  
  129  10:53  Marauder  
  137  10:59  Starport  
  137  11:06  Marauder  
  137  11:07  Marine x3  
  142  11:11  Marauder  
  144  11:19  Marine, Marauder  
  140  11:35  Medivac  
  140  11:37  Marine, Medivac  
  140  11:38  Marine x7  
  152  11:40  Marine  
  122  11:55  Marine  
  122  11:56  Marine x6  
Tags
 
Add a new tag
Caveats
  • Supply blocks, unpowered buildings, or Contaminate may cause inaccurate times.
  • Supply counts are checked every 10 seconds.